 Dungeon Crawl Stone Soup version 0.29-a0-1052-g6990b1bffc (webtiles) character file.

Game seed: 5352838497028474461

63 Newt the Cutter (level 3, -2/25 HPs)
             Began as a Demonspawn Gladiator on Aug 17, 2022.
             Was a Believer of Makhleb.
             Slain by a gnoll
             ... wielding a +0 whip
              (3 damage)
             ... on level 2 of the Dungeon.
             The game lasted 00:03:51 (1921 turns).

Newt the Cutter (Demonspawn Gladiator)              Turns: 1921, Time: 00:03:51

Health: -2/25      AC:  5    Str: 20    XL:     3   Next: 89%
Magic:  3/3        EV:  6    Int:  8    God:    Makhleb [**....]
Gold:   128        SH:  0    Dex: 13    Spells: 2/2 levels left

rFire   . . .      SeeInvis .   a - +0 rapier
rCold   . . .      Faith    .   (no shield)
rNeg    . . .      Spirit   .   b - +0 leather armour
rPois   .          Reflect  .   c - +0 helmet
rElec   .          Harm     .   (no cloak)
rCorr   .          Rampage  .   (no gloves)
Will    .....                   (no boots)
Stlth   ++........              (no amulet)
HPRegen 0.08/turn               (no ring)
MPRegen 0.08/turn               (no ring)

@: about to teleport, held
A: rugged brown scales 1, frail 1, strong 1
a: Renounce Religion, Minor Destruction


You were on level 2 of the Dungeon.
You worshipped Makhleb.
Makhleb was pleased with you.
You visited 1 branch of the dungeon, and saw 2 of its levels.

You collected 128 gold pieces.

Inventory:

Hand Weapons
 a - a +0 rapier (weapon)
Missiles
 d - 2 throwing nets (quivered)
 e - a javelin
Armour
 b - a +0 leather armour (worn)
 c - a +0 helmet (worn)
 m - a scarf of repulsion
Scrolls
 i - a scroll of acquirement {unknown}
 l - a scroll of blinking {unknown}
Potions
 h - a potion of heal wounds {unknown}
 j - a potion of flight {unknown}
 k - a potion of curing {unknown}


   Skills:
 - Level 2.0 Fighting
 + Level 3.9 Short Blades
 - Level 1.7 Throwing
 - Level 2.6 Dodging
 - Level 2.0 Stealth


You had 2 spell levels left.
You didn't know any spells.
Your spell library contained the following spells:

 Spells                   Type           Power      Damage    Failure   Level
 Magic Dart               Conj           0%         1d3       45%         1
 Searing Ray              Conj           0%         2d4       61%         2
 Fulminant Prism          Conj/Hex       0%         3d6       99%         4


Dungeon Overview and Level Annotations

Branches:
Dungeon (2/15)

Altars:
Makhleb


Innate Abilities, Weirdness & Mutations

You are partially covered in rugged brown scales. (AC +1, +3% HP)
You are frail. (-10% HP)
Your muscles are strong. (Str +4, Int/Dex -1)


Message History

You hit the gnoll.
The gnoll is lightly wounded.
The gnoll closely misses you. x2
You hit the gnoll but do no damage.
The gnoll is lightly wounded.
The gnoll hits you with a +0 club.
The gnoll hits you from afar with a +0 halberd.
You closely miss the gnoll.
The gnoll is lightly wounded.
The gnoll misses you. The gnoll barely misses you.
Throw: 3 throwing nets
Press: ? - help, Q - select action, (/) - cycle Shift-Dir - straight line, f - gnoll
Aim: a gnoll, wielding a +0 club (lightly wounded, 63% to hit)
You throw a throwing net. The throwing net hits the gnoll.
The gnoll is caught in the net!
The gnoll is lightly wounded.
A gnoll comes into view. It is wielding a +0 whip.
The gnoll shouts!
The gnoll struggles against the net.
The gnoll shouts!
The gnoll struggles against the net.
The gnoll struggles against the net.
The gnoll throws a throwing net.
The throwing net hits you.
You become entangled in the net!
The gnoll struggles against the net.
You see here a throwing net.
You struggle against the net.
The gnoll struggles against the net.
The net rips apart, and the gnoll comes free!
You struggle against the net.
The gnoll hits you with a +0 whip.
You struggle against the net.
The gnoll hits you with a +0 whip.
* * * LOW HITPOINT WARNING * * *
Unknown command.
As you read the scroll of teleportation, it crumbles to dust.
You feel strangely unstable. The gnoll hits you with a +0 whip.
* * * LOW HITPOINT WARNING * * *
The gnoll closely misses you.
Unknown command.
It was a potion of mutation.
You feel extremely strange.
You feel frail.
You feel stronger. The gnoll barely misses you.
The gnoll hits you with a +0 whip.
You die...

.....# ..J .....#
..............# .....#
#..............#
.....###..............#
......................#
#.....................
....................
.########......g#.###
.# #.....g@...#
.############gg##.#...#
..†...............# .#
.############...#.#
..........# #.###...
.########.....# ###.#
....# #### # ....#
....#


You could see 4 gnolls.

Vanquished Creatures
  2 adders
  7 ball pythons
  2 endoplasms (D:2)
  2 giant cockroaches
  8 goblins (D:1)
  4 hobgoblins
  4 jackals (D:2)
  A quokka (D:2)
  3 bats
  4 frilled lizards (D:1)
  4 kobolds (D:1)
  2 rats (D:2)
43 creatures vanquished.

Notes
Turn   | Place    | Note
-------+----------+-------------------------------------------
     0 | D:1      | Newt the Demonspawn Gladiator began the quest for the Orb.
     0 | D:1      | Reached XP level 1. HP: 16/16 MP: 1/1
   232 | D:1      | Reached skill level 1 in Stealth
   442 | D:1      | Gained mutation: You are partially covered in rugged brown
                  | scales. (AC +1, +3% HP) [demonic ancestry]
   442 | D:1      | Reached XP level 2. HP: 16/22 MP: 2/2
   524 | D:1      | Found a faded altar of an unknown god.
   680 | D:1      | Prayed at the altar of an unknown god.
   680 | D:1      | Became a worshipper of Makhleb the Destroyer
   680 | D:1      | Reached * piety under Makhleb
   882 | D:1      | Reached skill level 3 in Short Blades
  1421 | D:2      | Reached XP level 3. HP: 27/27 MP: 3/3
  1702 | D:2      | Reached ** piety under Makhleb
  1920 | D:2      | HP: 1/27 [gnoll/+0 whip (6)]
  1921 | D:2      | Gained mutation: You are frail. (-10% HP) [potion of
                  | mutation]
  1921 | D:2      | Gained mutation: Your muscles are strong. (Str +4, Int/Dex
                  | -1) [potion of mutation]
  1921 | D:2      | Slain by a gnoll

Illustrated notes

Levels and vault maps discovered:
D:1:      dpeg_arrival_water_fire, layout_basic, ebering_ecumenical_altar_rust,
          chequers_garden, grunt_decor_cap, minmay_misc_feat_doors
D:2:      layout_rooms

Skill      XL: |  1  2 |
---------------+-------+-----
Stealth        | 1 2 |  2.0
Short Blades   | 3 |  3.9
Fighting       | |  2.0
Throwing       | |  1.7
Dodging        | |  2.6

Action                   || total
-------------------------++-------
Melee: Rapier            ||   159
       Punch             ||     1
Throw: Throwing net      ||     1
  Use: Scroll            ||     2
       Potion            ||     1
 Stab: Sleeping          ||     4
Armor: Leather armour    ||    61
Dodge: Dodged            ||   114

Table legend: (Time is in decaauts)
 A = Elapsed time spent in this place.
 B = Non-inter-level travel time spent in this place.
 C = Inter-level travel time spent in this place.
 D = Time resting spent in this place.
 E = Time spent auto-exploring this place.
 F = Levels seen in this place.
 G = Mean time per level.
                   A        B        C        D        E       F      G
               +--------+--------+--------+--------+--------+-----+--------+
         Total |   1932 |   1911 |     21 |    603 |    813 |   2 |  966.0 |
       Dungeon |   1932 |   1911 |     21 |    603 |    813 |   2 |  966.0 |
               +--------+--------+--------+--------+--------+-----+--------+

Top non-repeatable levels by time:
     D:1: 1564 daAuts
     D:2: 367 daAuts
